 Dungeon Crawl Stone Soup version 0.30.1-11-g7821555f0a (webtiles) character file.

Game seed: 10486386938565927102

1147 lonewolfV2 the Covered (level 8, -1/58 HPs)
             Began as a Demonspawn Fighter on Oct 30, 2023.
             Slain by a black bear (4 damage)
             ... on level 6 of the Dungeon.
             The game lasted 00:06:42 (4150 turns).

lonewolfV2 the Covered (Demonspawn Fighter)         Turns: 4150, Time: 00:06:42

Health: -1/58      AC: 12    Str: 19    XL:     8   Next: 15%
Magic:  11/11      EV:  6    Int:  9    God:
Gold:   967        SH: 18    Dex: 13    Spells: 7/7 levels left

rFire   . . .        a - +0 war axe
rCold   + . .        p - +0 tower shield
rNeg    . . .        k - +0 chain mail
rPois   .            (helmet restricted)
rElec   .            q - +0 cloak
rCorr   .            l - +0 pair of gloves
SInv    +            (no boots)
Will    .....        x - amulet of reflection Stlth
                     i - ring of protection from cold
HPRegen 0.29/turn    r - ring of see invisible
MPRegen 0.12/turn

%: reflection
@: no status effects
A: antennae 1, spiny 1
a: no special abilities


You were on level 6 of the Dungeon.
You visited 1 branch of the dungeon, and saw 6 of its levels.

You collected 967 gold pieces.

Inventory:

Hand Weapons
 a - a +0 war axe (weapon)
 b - the +8 quarterstaff of Moderation {drain, Will+ SInv}
   (You found it on level 2 of the Dungeon)

   SInv:      It lets you see invisible.
   Will:      It increases your willpower.
Armour
 k - a +0 chain mail (worn)
 l - a +0 pair of gloves (worn)
 p - a +0 tower shield (worn)
 q - a +0 cloak (worn)
Jewellery
 c - a +6 ring of intelligence
 e - an amulet of magic regeneration
 i - a ring of protection from cold (left hand)
 r - a ring of see invisible (right hand)
 x - an amulet of reflection (around neck)
Wands
 s - a wand of paralysis (8)
Scrolls
 f - 3 scrolls of noise
 h - a scroll of magic mapping
 w - a scroll of fog
Potions
 d - a potion of might
 g - a potion of berserk rage
 j - a potion of brilliance
 m - 2 potions of heal wounds
 n - 2 potions of flight
 o - 2 potions of lignification
 t - a potion of mutation {unknown}
 v - 2 potions of degeneration {unknown}
 z - a potion of magic {unknown}
 A - a potion of invisibility {unknown}


   Skills:
 - Level 3.0 Fighting
 - Level 1.7 Axes
 + Level 5.2 Armour
 + Level 5.1 Dodging
 + Level 5.1 Shields
 + Level 4.2 Invocations


You had 7 spell levels left.
You didn't know any spells.
Your spell library contained the following spells:

 Spells                   Type           Power      Damage    Failure   Level
 Summon Lightning Spire   Summ/Air       0%         N/A       100%        4
 Storm Form               Tmut/Air       0%         N/A       100%        7
 Maxwell's Capacitive Co  Air            0%         ∞         100%        8


Dungeon Overview and Level Annotations

Branches:
Dungeon (6/15)
 Temple: D:4-7

Altars:


Innate Abilities, Weirdness & Mutations

You have a pair of small antennae on your head.
You are partially covered in sharp spines.


Message History

The orc priest invokes the aid of Beogh against you.
Beogh smites you! You block the gnoll sergeant's attack.
The black bear is struck by your spines.
The black bear bites you but does no damage.
The black bear barely misses you. You block the black bear's attack.
You barely miss the black bear.
The black bear is lightly wounded.
You block the black bear's attack.
The black bear claws you but does no damage. x2
The black bear is struck by your spines.
The black bear barely misses you. You block the black bear's attack.
The black bear claws you but does no damage.
You hit the black bear.
The black bear is moderately wounded.
You block the gnoll sergeant's attack.
The black bear bites you but does no damage.
The black bear claws you but does no damage.
The black bear barely misses you.
The orc priest invokes the aid of Beogh against you.
Beogh smites you!
* * * LOW HITPOINT WARNING * * *
The black bear bites you.
* * * LOW HITPOINT WARNING * * *
You block the black bear's attack.
The black bear claws you but does no damage.
The gnoll sergeant hits you from afar with a +0 trident!
* * * LOW HITPOINT WARNING * * *
You barely miss the black bear.
The black bear is moderately wounded.
You block the gnoll sergeant's attack. The black bear bites you.
* * * LOW HITPOINT WARNING * * *
The black bear claws you but does no damage. x2
The orc priest looks braver for a moment.
You closely miss the black bear.
The black bear is moderately wounded.
You block the gnoll sergeant's attack.
The black bear bites you but does no damage.
The black bear claws you but does no damage.
The black bear claws you.
You die...

. g. ###### c.. #
#....# .... #.. #....#
.....
#....######g...##.g....
#.(.....@hggg)....g....
#....######o..$?)......
#.< #............ #
#.....#......
#.....#.....>
#####.#...... ....#....
#.#. $...


You could see a black bear, a gnoll sergeant, an orc priest and 3 gnolls.

Vanquished Creatures
  Sigmund (D:2)
  An ogre (D:5)
  A centaur (D:6)
  A phantom (D:4)
  5 scorpions
  2 jellies (D:4)
  Natasha (thrice) (D:4)
  3 iguanas (D:5)
  2 orc wizards
  A sleepcap (D:4)
  2 gnolls (D:6)
  3 adders
  An adder skeleton (D:2)
  4 worms
  3 dart slugs
  21 orcs
  12 ball pythons
  5 endoplasms
  4 giant cockroaches
  4 goblins
  8 hobgoblins
  11 kobolds
  A ball python zombie (D:2)
  9 bats
  2 frilled lizards (D:2)
  6 rats
116 creatures vanquished.

Notes
Turn   | Place    | Note
-------+----------+-------------------------------------------
     0 | D:1      | lonewolfV2 the Demonspawn Fighter began the quest for the
                  | Orb.
     0 | D:1      | Reached XP level 1. HP: 18/18 MP: 1/1
   249 | D:1      | Reached skill level 1 in Dodging
   249 | D:1      | Gained mutation: You have a pair of small antennae on your
                  | head. [demonic ancestry]
   249 | D:1      | Reached XP level 2. HP: 24/24 MP: 2/2
   841 | D:2      | Reached XP level 3. HP: 29/29 MP: 3/3
  1038 | D:2      | Identified the +8 quarterstaff of Moderation {drain, Will+
                  | SInv}
  1129 | D:2      | Noticed Sigmund
  1142 | D:2      | Killed Sigmund
  1143 | D:2      | Gained mutation: You are partially covered in sharp spines.
                  | [demonic ancestry]
  1143 | D:2      | Reached XP level 4. HP: 31/35 MP: 4/4
  1143 | D:2      | Reached XP level 5. HP: 37/41 MP: 5/5
  1723 | D:3      | Paralysed by a kobold for 3 turns
  2025 | D:3      | Identified the +0 robe of Dim Light {rN+ Dex+4}
  2261 | D:4      | Noticed a phantom
  2274 | D:4      | Killed a phantom
  2275 | D:4      | Reached XP level 6. HP: 38/47 MP: 6/6
  2323 | D:4      | Noticed Natasha
  2331 | D:4      | Killed Natasha
  2404 | D:4      | Noticed Natasha
  2417 | D:4      | Killed Natasha
  2435 | D:4      | Reached skill level 1 in Invocations
  2482 | D:4      | Identified the +0 dagger of Peace {venom, rC+}
  2499 | D:4      | Noticed Natasha
  2511 | D:4      | Killed Natasha
  2572 | D:4      | Reached XP level 7. HP: 50/52 MP: 8/8
  3005 | D:4      | Identified a scroll of acquirement
  3005 | D:4      | Acquired 724 gold pieces
  3008 | D:5      | Entered Level 5 of the Dungeon
  3605 | D:5      | Reached skill level 5 in Armour
  3606 | D:5      | Reached skill level 5 in Dodging
  3606 | D:5      | Reached skill level 5 in Shields
  3606 | D:5      | Reached XP level 8. HP: 21/58 MP: 10/10
  4150 | D:6      | Slain by a black bear

Illustrated notes

Levels and vault maps discovered:
D:1:      dpeg_arrival_arbitrary_a, layout_basic
D:2:      layout_basic, serial_undead, serial_undead_a, serial_undead_e,
          serial_undead_c, serial_undead_c, uniq_sigmund
D:3:      layout_basic, elyvilon_altar_5, wad_orctagon
D:4:      layout_rooms, uniq_natasha
D:5:      layout_loops_ring
D:6:      layout_rooms, chequers_big_river, st_stairs_9

Skill      XL: |  1  2  3  4  5  6  7  8 |
---------------+-------------------------+-----
Dodging        | 1 3 4 5 |  5.1
Armour         | 3 4 5 |  5.2
Shields        | 3 4 5 |  5.1
Invocations    | 1 3 4 |  4.2
Fighting       | |  3.0
Axes           | |  1.7

Action                     |  1- 3 |  4- 6 |  7- 9 || total
---------------------------+-------+-------+-------++-------
  Melee: War axe           |   102 |   115 |    94 ||   311
    Use: Scroll            |     7 |     4 |     4 ||    15
         Potion            |       |       |     2 ||     2
 Armour: Scale mail        |    50 |       |       ||    50
         Chain mail        |     4 |    52 |    32 ||    88
  Dodge: Dodged            |    54 |    28 |    20 ||   102
  Block: Buckler           |    12 |       |       ||    12
         Tower shield      |    44 |   100 |   122 ||   266
         Reflection        |       |       |     4 ||     4
